 Dungeon Crawl Stone Soup version 0.26-a0-259-g1effd001a9 (webtiles) character file.

Game seed: 3000344694245622467

8 vurker the Sneak (level 2, 23/23 HPs)
             Began as a Demonspawn Brigand on July 16, 2020.
             Quit the game on level 1 of the Dungeon.
             The game lasted 00:00:33 (521 turns).

vurker the Sneak (Demonspawn Brigand)                Turns: 521, Time: 00:00:34

Health: 23/23      AC:  3    Str: 11    XL:     2   Next: 0%
Magic:  2/2        EV: 13    Int: 12    God:
Gold:   19         SH:  0    Dex: 14    Spells: 1/1 levels left

rFire    . . .     SeeInvis .   a - +2 dagger
rCold    . . .     Faith    .   (no shield)
rNeg     . . .     Spirit   .   b - +0 robe
rPois    .         Reflect  .   (no helmet)
rElec    .         Harm     .   c - +0 cloak
rCorr    .                      (no gloves)
MR       .....                  (no boots)
Stlth    ++........             (no amulet)
HPRegen  0.07/turn              (no ring)
MPRegen  0.08/turn              (no ring)

@: no status effects
A: repulsion field 1
a: no special abilities


You were on level 1 of the Dungeon.
You were not hungry.

You visited 1 branch of the dungeon, and saw 1 of its levels.

You collected 19 gold pieces.

Inventory:

Hand Weapons
 a - a +2 dagger (weapon)
Missiles
 d - 8 poisoned darts (quivered)
 f - 2 curare-tipped darts
Armour
 b - a +0 robe (worn)
 c - a +0 cloak (worn)
Potions
 g - a potion of berserk rage {unknown}
 h - a potion of might {unknown}
Comestibles
 e - 4 rations


   Skills:
 + Level 2.4 Fighting
 - Level 1.7 Short Blades
 + Level 2.1 Throwing
 - Level 0.8 Dodging
 - Level 3.6 Stealth


You had one spell level left.
You didn't know any spells.
Your spell library was empty.

Dungeon Overview and Level Annotations

Branches:
Dungeon (1/15)

Altars:
The Shining One


Innate Abilities, Weirdness & Mutations

You are surrounded by a mild repulsion field. (EV +2)


Message History

Found a stone staircase leading down.
A hobgoblin comes into view.
The hobgoblin shouts!
A hobgoblin is nearby!
A hobgoblin is nearby!
The hobgoblin barely misses you.
You hit the hobgoblin but do no damage. You barely miss the hobgoblin.
The hobgoblin barely misses you.
You closely miss the hobgoblin. The hobgoblin misses you.
You hit the hobgoblin. The hobgoblin barely misses you.
You hit the hobgoblin. The hobgoblin hits you.
You barely miss the hobgoblin. The hobgoblin hits you.
You completely miss the hobgoblin. The hobgoblin closely misses you.
You hit the hobgoblin. The hobgoblin barely misses you.
A hobgoblin is nearby!
A hobgoblin is nearby!
You barely miss the hobgoblin.
The hobgoblin hits you but does no damage.
You hit the hobgoblin. The hobgoblin closely misses you.
You hit the hobgoblin.
You kill the hobgoblin!
No target in view!
No target in view!
No target in view!
No target in view!
No target in view!
No target in view!
No target in view!
No target in view!
No target in view!
No target in view!
No target in view!
There is a stone staircase leading down here.
Found 8 gold pieces.
Found a scale mail.
You now have 19 gold pieces (gained 8).
Found a silvery potion.
Found a fizzy silvery potion.
A rat comes into view.
You see here a silvery potion.
A rat is nearby!
A rat is nearby!
A rat is nearby!
You see here a fizzy silvery potion.
The helpless rat fails to defend itself.
You impale the rat!!
You kill the rat!
You have reached level 2!
Your demonic ancestry asserts itself...
You begin to radiate repulsive energy.

#[..............#
#.###############
#.# #.# ###### #.#
#####....# #.#
#........# #.#
#####........## #.#
#.............#
#.###...!...!.@...#
#..............†..#
#####.^....###....#
................#
###.........#.###
##..#.#.....#
.............
..............
.....


There were no monsters in sight!

Vanquished Creatures
  A goblin (D:1)
  2 hobgoblins (D:1)
  A ball python (D:1)
  A bat (D:1)
  2 kobolds (D:1)
  2 rats (D:1)
9 creatures vanquished.

Notes
Turn   | Place    | Note
-------+----------+-------------------------------------------
     0 | D:1      | vurker the Demonspawn Brigand began the quest for the Orb.
     0 | D:1      | Reached XP level 1. HP: 16/16 MP: 1/1
   313 | D:1      | Found a glowing golden altar of the Shining One.
   520 | D:1      | Gained mutation: You are surrounded by a mild repulsion
                  | field. (EV +2) [demonic ancestry]
   520 | D:1      | Reached XP level 2. HP: 23/23 MP: 2/2
   521 | D:1      | Quit the game

Illustrated notes

Levels and vault maps discovered:
D:1:      dpeg_arrival_rhombus, layout_basic, wad_floor_pattern_1,
          supply_closet_lemuel, tso_altar

Skill      XL: |  1 |
---------------+----+-----
Throwing       | 2 |  2.1
Fighting       | |  2.4
Short Blades   | |  1.7
Dodging        | |  0.8
Stealth        | |  3.6

Action                   || total
-------------------------++-------
Melee: Dagger            ||    25
 Stab: Sleeping          ||     5
Armor: Robe              ||     2
Dodge: Dodged            ||    12

Table legend:
 A = Non-vault XP
 B = Vault XP
 C = Vault XP percentage of total XP
 D = Non-vault monster count
 E = Vault monster count
 F = Vault count percentage of total count
                 A         B        C        D         E       F
            +---------+---------+-------+---------+---------+-------
      Total |      12 |       0 |   0.0 |       9 |       0 |   0.0
            +---------+---------+-------+---------+---------+-------
        D:1 |      12 |       0 |   0.0 |       9 |       0 |   0.0
            +---------+---------+-------+---------+---------+-------
